 Dungeon Sprint DCSS version 0.30-a0-862-g1aabd4f9c5 (webtiles) character file.

Game seed: 5966012347421307362

6207 rocky1 the Eclecticist (level 15, -4/90 HPs)
             Began as a Demonspawn Earth Elementalist on Mar 9, 2023.
             Was an Initiate of Gozag.
             Slain by a jiangshi (7 damage)
             ... in the Dungeon (Sprint VI: "Thunderdome").
             The game lasted 00:22:59 (1710 turns).

rocky1 the Eclecticist (DsEE)                       Turns: 1710, Time: 00:23:00

Health: -4/90      AC:  8    Str:  7    XL:     15   Next: 51%
Magic:  22/55      EV: 12    Int: 23    God:    Gozag
Gold:   1246       SH:  0    Dex: 17    Spells: 36/51 levels left

rFire   + . .      SeeInvis .    u - staff of earth
rCold   + + +      Faith    .    (no shield)
rNeg    . . .      Spirit   .    n - +2 robe "Omyemor" {rElec}
rPois   +          Reflect  .    I - +0 helmet "Xaasin" {rElec rC- MP+9}
rElec   +          Rampage  .    s - +0 cloak of Vexation {*Corrode rPois rC+ Int+5}
rCorr   +          NoTele   +    (gloves unavailable)
Will    +....                    o - -1 pair of boots of Makhleb's Whim {rC+ Dex+2}
Stlth   +++                      m - amulet "Doucwerewn" {RegenMP rPois}
HPRegen 0.00/turn                p - ring of Emnid {rElec rF+ rCorr}
MPRegen 0.74/turn                w - ring "Digo" {Contam rElec rPois rC+++ MP+9 Int-4}

@: gold aura, inhibited regen, unable to read, unable to drink
A: claws 3, slimy green scales 1, powered by pain 3, spiny 1, fangs 1, thin
skeletal structure 1, clumsy 1, deterioration 1, frail 1, inhibited
regeneration, weak 1, inability to drink after injury 1, inability to read after
injury 1, sturdy frame 1, devolution 1
}: 2/15 runes: decaying, gossamer
a: Renounce Religion, Potion Petition, Call Merchant, Bribe Branch


You were in the Dungeon.
You worshipped Gozag.
Gozag was most pleased with you.
You visited 1 branch You collected 8161 gold pieces.
You spent 6915 gold pieces at shops.

Inventory:

Hand Weapons
 l - a +0 short sword
Armour
 a - a +0 robe
 n - the +2 robe "Omyemor" (worn) {rElec}
   (You bought it in a shop in the Dungeon)

   rElec:     It insulates you from electricity.
 o - the -1 pair of boots of Makhleb's Whim (worn) {rC+ Dex+2}
   (You bought it in a shop in the Dungeon)

   Dex:       It affects your dexterity (+2).
   rC:        It protects you from cold.
 q - the +1 pair of gloves of the Other World {Drain rElec Str+3}
   (You bought it in a shop in the Dungeon)

   Str:       It affects your strength (+3).
   rElec:     It insulates you from electricity.
   Drain:     It drains your maximum health when unequipped.
 s - the +0 cloak of Vexation (worn) {*Corrode rPois rC+ Int+5}
   (You bought it in a shop in the Dungeon)

   Int:       It affects your intelligence (+5).
   rC:        It protects you from cold.
   rPois:     It protects you from poison.
   *Corrode:  It may corrode you when you take damage.
 F - the +2 leather armour of Foolhardiness {SInv}
   (You bought it in a shop in the Dungeon)

   SInv:      It lets you see invisible.
 G - the +2 robe of Polish {-Tele rF+ rC+}
   (You bought it in a shop in the Dungeon)

   rF:        It protects you from fire.
   rC:        It protects you from cold.
   -Tele:     It prevents most forms of teleportation.
 H - the +0 hat "Noeta" {rPois rF+}
   (You bought it in a shop in the Dungeon)

   rF:        It protects you from fire.
   rPois:     It protects you from poison.
 I - the +0 helmet "Xaasin" (worn) {rElec rC- MP+9}
   (You bought it in a shop in the Dungeon)

   rC:        It makes you vulnerable to cold.
   rElec:     It insulates you from electricity.
   MP:        It affects your magic capacity (+9).
Magical Staves
 u - a staff of earth (weapon)
Jewellery
 m - the amulet "Doucwerewn" (around neck) {RegenMP rPois}
   (You bought it in a shop in the Dungeon)

   [amulet of magic regeneration]

   It increases your rate of magic regeneration.
   rPois:     It protects you from poison.
 p - the ring of Emnid (left claw) {rElec rF+ rCorr}
   (You bought it in a shop in the Dungeon)

   [ring of resist corrosion]

   rF:        It protects you from fire.
   rElec:     It insulates you from electricity.
   rCorr:     It protects you from acid and corrosion.
 r - the ring "Duacukh" {Ice rN+ Will+ Slay+3}
   (You bought it in a shop in the Dungeon)

   [ring of ice]

   It enhances your ice magic.
   Slay:      It affects your accuracy & damage with ranged weapons and melee
   (+3).
   rF:        It makes you vulnerable to fire.
   rC:        It protects you from cold.
   rN:        It protects you from negative energy.
   Will:      It increases your willpower.
 v - the ring of the Leaping Ancients {Fire Str+4}
   (You bought it in a shop in the Dungeon)

   [ring of fire]

   It enhances your fire magic.
   Str:       It affects your strength (+4).
   rF:        It protects you from fire.
   rC:        It makes you vulnerable to cold.
 w - the ring "Digo" (right claw) {Contam rElec rPois rC+++ MP+9 Int-4}
   (You bought it in a shop in the Dungeon)

   [ring of magical power]

   Int:       It affects your intelligence (-4).
   rC:        It renders you almost immune to cold.
   rElec:     It insulates you from electricity.
   rPois:     It protects you from poison.
   MP:        It affects your magic capacity (+9).
   Contam:    It causes magical contamination when unequipped.
 x - the ring "Toan" {Dex+5 SInv}
   (You bought it in a shop in the Dungeon)

   [ring of see invisible]

   Dex:       It affects your dexterity (+5).
   SInv:      It lets you see invisible.
 y - the ring of Rodus {rC+ Str-5 Int+5 SInv}
   (You bought it in a shop in the Dungeon)

   [ring of protection from cold]

   Str:       It affects your strength (-5).
   Int:       It affects your intelligence (+5).
   rC:        It protects you from cold.
   SInv:      It lets you see invisible.
 z - the amulet "Azesawenk" {Reflect Will++ SH+5}
   (You bought it in a shop in the Dungeon)

   [amulet of reflection]

   It reflects blocked missile attacks.
   SH:        It affects your SH (+5).
   Will:      It greatly increases your willpower.
 A - the ring "Niguc" {rPois rC+ Dex+3 Slay+5}
   (You bought it in a shop in the Dungeon)

   [ring of protection from cold]

   Dex:       It affects your dexterity (+3).
   Slay:      It affects your accuracy & damage with ranged weapons and melee
   (+5).
   rC:        It protects you from cold.
   rPois:     It protects you from poison.
 B - the ring of Ekhi {rCorr Int+3 Dex+6}
   (You bought it in a shop in the Dungeon)

   [ring of dexterity]

   Int:       It affects your intelligence (+3).
   Dex:       It affects your dexterity (+6).
   rCorr:     It protects you from acid and corrosion.
 C - the amulet "Toereth" {Spirit Int+4}
   (You bought it in a shop in the Dungeon)

   [amulet of guardian spirit]

   It causes incoming damage to be divided between your reserves of health and
   magic.
   Int:       It affects your intelligence (+4).
 D - the ring of Gamneg {Will+ Int+3 Dex+7}
   (You bought it in a shop in the Dungeon)

   [ring of willpower]

   Int:       It affects your intelligence (+3).
   Dex:       It affects your dexterity (+7).
   Will:      It increases your willpower.
 E - the amulet of Music {Acrobat Slay+3 Stlth+}
   (You bought it in a shop in the Dungeon)

   [amulet of the acrobat]

   It increases your evasion while moving and waiting.
   Slay:      It affects your accuracy & damage with ranged weapons and melee
   (+3).
   Stlth:     It makes you more stealthy.
Wands
 i - a wand of quicksilver (2)
Scrolls
 b - 7 scrolls of blinking
 k - 3 scrolls of fog
Potions
 c - 9 potions of curing
 d - 2 potions of heal wounds
 e - 4 potions of haste
 f - a potion of berserk rage
 g - 2 potions of magic
 h - a potion of resistance
 j - a potion of mutation
 t - a potion of experience


   Skills:
 - Level 4.0 Fighting
 - Level 1.7 Dodging
 - Level 1.7 Stealth
 + Level 18.8 Spellcasting
 + Level 16.4 Conjurations
 - Level 0.8 Transmutations
 + Level 18.6 Earth Magic


You had 36 spell levels left.
You knew the following spells:

 Your Spells              Type           Power      Damage    Failure   Level
a - Sandblast             Erth           100%       2d20      0%          1
b - Stone Arrow           Conj/Erth      100%       3d13      0%          3
c - Iskenderun's Battles  Conj           77%        2d13      1%          5
d - Iron Shot             Conj/Erth      50%        9d10      1%          6

Your spell library contained the following spells:

 Spells                   Type           Power      Damage    Failure   Level
 Passwall                 Tmut/Erth      65%        N/A       1%          2
 Petrify                  Tmut/Erth      79%        N/A       1%          4
 Spellforged Servitor     Conj/Summ      28%        N/A       54%         7
 Shatter                  Erth           51%        3d39*     73%         9
 Chain Lightning          Conj/Air       28%        3d37      100%        9
 Fire Storm               Conj/Fire      28%        8d7       100%        9


Dungeon Overview and Level Annotations

Branches:
Dungeon (1/1)

Altars:
Cheibriados
Dithmenos
Fedhas
Gozag
Kikubaaqudgha
Makhleb
Okawaru
Qazlal
Ru
Sif Muna
Trog
Uskayaw
Vehumet
Wu Jian
Xom
Yredelemnul
Lugonu

Shops:
D [??*?*:[((!!!!


Innate Abilities, Weirdness & Mutations

You have claws for hands.
You are partially covered in slimy green scales. (AC +2)
You are powered by pain.
You are partially covered in sharp spines.
You have very sharp teeth.
You have a somewhat thin skeletal structure. (Dex +2, Stealth+)
You are clumsy. (Dex -2)
Your body sometimes deteriorates upon taking damage.
You are frail. (-10% HP)
You do not regenerate when monsters are visible.
You are weak. (Str -2)
You occasionally lose the ability to drink potions when taking damage.
You occasionally lose the ability to read scrolls when taking damage.
Your movements are slightly less encumbered by armour. (ER -2)
You have hidden genetic defects.


Message History

Aim: Josephine, wielding a +0 dagger and wearing a +2 robe of willpower (78% to hit)
You feel a surge of power!
The iron shot hits Josephine!!!
Josephine is almost dead.
The vampire knight shouts!
Josephine is struck by your spines. Josephine hits you with a +0 dagger.
* * * LOW HITPOINT WARNING * * *
Aiming: Iron Shot (dangerous; 1% risk of failure)
Press: ? - help, Q - select action, (/) - cycle Shift-Dir - straight line, f/p - Josephine
Aim: Josephine, wielding a +0 dagger and wearing a +2 robe of willpower (almost dead, 78% to hit)
You feel a surge of power!
The iron shot hits Josephine!!
You kill Josephine!
The vampire knight is no longer distracted by gold.
The vampire knight mumbles some strange words.
The vampire knight seems to speed up.
Unknown command.
Aiming: Iron Shot (dangerous; 1% risk of failure)
Press: ? - help, Q - select action, (/) - cycle Shift-Dir - straight line, f - freezing wraith
Aim: a freezing wraith (78% to hit)
You feel a surge of power!
The iron shot misses the freezing wraith.
Unknown command.
Aiming: Iron Shot (dangerous; 1% risk of failure)
Press: ? - help, Q - select action, (/) - cycle Shift-Dir - straight line, f/p - freezing wraith
Aim: a freezing wraith (78% to hit)
You feel a surge of power!
The iron shot hits the freezing wraith!!!
You destroy the freezing wraith!
The vampire knight casts a spell.
The vampire knight flickers and vanishes!
Deactivating autopickup; reactivate with Ctrl-A.
Aiming: Iron Shot (dangerous; 1% risk of failure)
Press: ? - help, Q - select action, (/) - cycle Shift-Dir - straight line, f - jiangshi
Aim: a jiangshi (78% to hit)
You feel a surge of power!
The iron shot hits the jiangshi!!!
The jiangshi is heavily damaged.
The jiangshi is no longer distracted by gold.
You hear some strange, mumbled words.
The jiangshi is struck by your spines. The jiangshi claws you!
You die...
Your body crumbles into a pile of gold.

#⌠...[.......⌠#
#####)8)......).8.######
"__...)...###@.....__.∩##
.....).)8.# #.8........∩###
.....).[..###...$.........##
.....).###...###$.........⌠#
......)# #.<.# #.§........⌠#
.......###[..###V$........⌠#
........[.###..$@.........##
........8.# #.8........∩###
∩___......###.).....__∩##
#####.8....)....8.######
#⌠...).......⌠#
###.........### #........_#
#_......._# #_......._#


You could see a jiangshi.

Vanquished Creatures
  A revenant (D)
  A curse skull (D)
  A wolf spider (D)
  2 jiangshi (D)
  Josephine (D)
  A wizard (D)
  Erolcha (D)
  A two-headed ogre (D)
  A soul eater (D)
  A sun demon (D)
  A sea snake (D)
  A faun (D)
  A manticore (D)
  10 shining eyes (D)
  3 merfolk sirens (D)
  2 orange demons (D)
  A freezing wraith (D)
  A red devil (D)
  2 guardian mummies (D)
  A merfolk (D)
  A snapping turtle (D)
  Sigmund (D)
  2 chaos spawn (D)
  16 neqoxecs (D)
  Menkaure (D)
  6 ogres (D)
  3 scorpions (D)
  Jessica (D)
  3 mummies (D)
  4 adders (D)
  An orc (D)
  A goblin (D)
74 creatures vanquished.

Vanquished Creatures (others)
  4 foxfires (D)
4 creatures vanquished.

Grand Total: 78 creatures vanquished

Notes
Turn   | Place    | Note
-------+----------+-------------------------------------------
     0 | D        | rocky1 the Demonspawn Earth Elementalist began the quest
                  | for the Orb.
     0 | D        | Reached XP level 1. HP: 13/13 MP: 3/3
     4 | D        | Found an ancient bone altar of Kikubaaqudgha.
     5 | D        | Found a shimmering blue altar of Sif Muna.
     5 | D        | Found an opulent altar of Gozag.
     5 | D        | Round 1.
     7 | D        | Found Bietoz's Identification Station.
     7 | D        | Found a radiant altar of Vehumet.
     9 | D        | Found Telum's Advanced Armour.
     9 | D        | Found Wyoq Osebb's Jewellery.
    14 | D        | Found a bloodstained altar of Trog.
    17 | D        | Bought a steaming iron amulet for 45 gold pieces
    17 | D        | Identified the amulet of Pogeuh {Reflect rN++ Will- SH+5}
                  | (You bought it in a shop in the Dungeon)
    17 | D        | Bought a twitching amethyst amulet for 45 gold pieces
    17 | D        | Identified the amulet "Doucwerewn" {RegenMP rPois} (You
                  | bought it in a shop in the Dungeon)
    17 | D        | Bought a flickering lead amulet for 45 gold pieces
    17 | D        | Identified the amulet "Gyomm" {rPois Regen+} (You bought it
                  | in a shop in the Dungeon)
    17 | D        | Bought a warped brass amulet for 45 gold pieces
    17 | D        | Identified the amulet "Laid" {Spirit Str+5 Slay+5} (You
                  | bought it in a shop in the Dungeon)
    27 | D        | Found a shimmering altar of Xom.
    29 | D        | Found an ornate altar of the Wu Jian Council.
    30 | D        | Found Musaxte's Magic Scroll Shop.
    31 | D        | Found a hide-covered altar of Uskayaw.
    31 | D        | Found a sacrificial altar of Ru.
    31 | D        | Found a shadowy altar of Dithmenos.
    31 | D        | Found Heti Tui's Staff Store.
    31 | D        | Found Tocoasch's Magic Scroll Shop.
    31 | D        | Found Ynaoh's Must-Have Magic.
    35 | D        | Found a blossoming altar of Fedhas.
    38 | D        | Found a burning altar of Makhleb.
    40 | D        | Found Dihahis's Distillery.
    42 | D        | Found a snail-covered altar of Cheibriados.
    42 | D        | Found a basalt altar of Yredelemnul.
    42 | D        | Found Okleut's Do-It-Yourself Clinic.
    43 | D        | Found Tegy's Distillery.
    43 | D        | Found Vaka's Bottled Wisdom.
    48 | D        | Found a corrupted altar of Lugonu.
    49 | D        | Found a stormy altar of Qazlal.
    50 | D        | Found an iron altar of Okawaru.
    51 | D        | Found Aruiwumy's Weapon Rack.
    52 | D        | Found Uroah's Premium Goods.
    52 | D        | Found Pakhlysogob's Basic Armour.
    52 | D        | Found Pujuriyt's Miscellaneous Merchandise.
    60 | D        | Became a worshipper of Gozag Ym Sagoz the Greedy
    68 | D        | Gained mutation: You are partially covered in slimy green
                  | scales. (AC +2) [demonic ancestry]
    68 | D        | Reached XP level 2. HP: 15/19 MP: 4/6
    69 | D        | Noticed Jessica
    82 | D        | Killed Jessica
    83 | D        | Reached skill level 5 in Earth Magic
    83 | D        | Reached XP level 3. HP: 21/24 MP: 6/8
   142 | D        | Noticed a scorpion
   151 | D        | Killed a scorpion
   151 | D        | Arena points: 12 (+12) [x2]
   152 | D        | Reached skill level 5 in Spellcasting
   152 | D        | Reached XP level 4. HP: 27/30 MP: 7/11
   167 | D        | Bought a faintly glowing wooden ring for 45 gold pieces
   167 | D        | Identified the ring of Emnid {rElec rF+ rCorr} (You bought
                  | it in a shop in the Dungeon)
   167 | D        | Bought a smoking diamond amulet for 45 gold pieces
   167 | D        | Identified the amulet "Enagg" {rPois Regen+} (You bought it
                  | in a shop in the Dungeon)
   167 | D        | Bought a fine brass ring for 45 gold pieces
   167 | D        | Identified the ring "Duacukh" {Ice rN+ Will+ Slay+3} (You
                  | bought it in a shop in the Dungeon)
   203 | D        | Round 2.
   207 | D        | Noticed a scorpion
   212 | D        | Killed a scorpion
   213 | D        | Gained mutation: You are partially covered in sharp spines.
                  | [demonic ancestry]
   213 | D        | Reached XP level 5. HP: 35/35 MP: 11/13
   220 | D        | Noticed Sigmund
   237 | D        | Killed Sigmund
   237 | D        | Arena points: 54 (+42) [x3]
   238 | D        | Reached XP level 6. HP: 38/41 MP: 13/16
   279 | D        | Round 3.
   282 | D        | Noticed Menkaure
   285 | D        | Killed Menkaure
   285 | D        | Noticed a guardian mummy
   286 | D        | Gained mutation: You have sharp fingernails. [demonic
                  | ancestry]
   286 | D        | Reached XP level 7. HP: 46/46 MP: 16/18
   286 | D        | Noticed a guardian mummy
   301 | D        | Killed a guardian mummy
   308 | D        | Killed a guardian mummy
   310 | D        | Arena points: 138 (+84) [x4]
   311 | D        | Gained mutation: You sometimes gain a little power by
                  | taking damage. [demonic ancestry]
   311 | D        | Reached XP level 8. HP: 50/52 MP: 18/21
   341 | D        | Round 4.
   343 | D        | Bought a sheer robe for 199 gold pieces
   343 | D        | Identified the +2 robe "Omyemor" {rElec} (You bought it in
                  | a shop in the Dungeon)
   343 | D        | Bought a pair of fine boots for 332 gold pieces
   343 | D        | Identified the -1 pair of boots of Makhleb's Whim {rC+
                  | Dex+2} (You bought it in a shop in the Dungeon)
   343 | D        | Bought a pair of encrusted gloves for 332 gold pieces
   343 | D        | Identified the +1 pair of gloves of the Other World {Drain
                  | rElec Str+3} (You bought it in a shop in the Dungeon)
   351 | D        | Learned a level 3 spell: Stone Arrow
   469 | D        | Gained mutation: Your spells are a little easier to cast,
                  | but a little less powerful. [a neqoxec]
   471 | D        | Reached skill level 10 in Spellcasting
   472 | D        | Gained mutation: Your body sometimes deteriorates upon
                  | taking damage. [a neqoxec]
   474 | D        | Gained mutation: Potions are less effective at restoring
                  | your health. [a neqoxec]
   474 | D        | Gained mutation: You are dopey. (Int -2) [a neqoxec]
   476 | D        | Gained mutation: You occasionally shout uncontrollably at
                  | your foes. [a neqoxec]
   479 | D        | Arena points: 278 (+140) [x5]
   505 | D        | Bought 3 potions of mutation for 168 gold pieces
   505 | D        | Bought 2 potions of mutation for 112 gold pieces
   505 | D        | Bought a potion of mutation for 56 gold pieces
   506 | D        | Lost mutation: Your body sometimes deteriorates upon taking
                  | damage. [potion of mutation]
   506 | D        | Lost mutation: Your spells are a little easier to cast, but
                  | a little less powerful. [potion of mutation]
   506 | D        | Lost mutation: You are dopey. (Int -2) [potion of mutation]
   506 | D        | Gained mutation: You are agile. (Dex +4, Str/Int -1)
                  | [potion of mutation]
   506 | D        | Gained mutation: You have very sharp fingernails. [potion
                  | of mutation]
   506 | D        | Gained mutation: You do not regenerate when monsters are
                  | visible. [potion of mutation]
   507 | D        | Lost mutation: You do not regenerate when monsters are
                  | visible. [potion of mutation]
   507 | D        | Lost mutation: You are agile. (Dex +4, Str/Int -1) [potion
                  | of mutation]
   508 | D        | Lost mutation: Potions are less effective at restoring your
                  | health. [potion of mutation]
   508 | D        | Lost mutation: You occasionally shout uncontrollably at
                  | your foes. [potion of mutation]
   508 | D        | Lost mutation: You have very sharp fingernails. [potion of
                  | mutation]
   508 | D        | Gained mutation: Your spells are a little harder to cast,
                  | but a little more powerful. [potion of mutation]
   508 | D        | Gained mutation: You are robust. (+10% HP) [potion of
                  | mutation]
   508 | D        | Gained mutation: Your skin changes colour to match your
                  | surroundings (Stealth+). [potion of mutation]
   538 | D        | Round 5.
   552 | D        | Noticed a witch
   559 | D        | Noticed a will-o-the-wisp
   576 | D        | Killed a witch
   576 | D        | Identified the +1 pair of gloves of Hide-and-Seek {rElec
                  | MP+9 Dex+4} (You found it in the Dungeon)
   576 | D        | Arena points: 523 (+245) [x7]
   577 | D        | Reached skill level 15 in Earth Magic
   577 | D        | Gained mutation: You have very sharp fingernails. [demonic
                  | ancestry]
   577 | D        | Reached XP level 9. HP: 45/62 MP: 12/24
   584 | D        | Got a decaying rune of Zot
   585 | D        | Gained mutation: You have claws for hands. [demonic
                  | ancestry]
   585 | D        | Reached XP level 10. HP: 53/69 MP: 16/26
   612 | D        | Bought a spiked cloak for 332 gold pieces
   612 | D        | Identified the +0 cloak of Vexation {*Corrode rPois rC+
                  | Int+5} (You bought it in a shop in the Dungeon)
   785 | D        | Round 6.
   792 | D        | Reached skill level 1 in Conjurations
   796 | D        | Noticed Erolcha
   797 | D        | Noticed a two-headed ogre
   813 | D        | Killed a two-headed ogre
   814 | D        | Reached skill level 5 in Conjurations
   817 | D        | Killed Erolcha
   817 | D        | Arena points: 955 (+432) [x8]
   857 | D        | Round 7.
   864 | D        | Bought 4 potions of curing for 84 gold pieces
   864 | D        | Bought 4 potions of curing for 84 gold pieces
   864 | D        | Bought 3 potions of heal wounds for 105 gold pieces
   864 | D        | Bought 3 potions of heal wounds for 105 gold pieces
   866 | D        | Bought 3 potions of experience for 900 gold pieces
   866 | D        | Bought a potion of experience for 300 gold pieces
   875 | D        | Noticed a merfolk siren
   881 | D        | Killed a merfolk siren
   882 | D        | Noticed a faun
   887 | D        | Killed a faun
   913 | D        | Noticed a manticore
   918 | D        | Killed a manticore
   935 | D        | Noticed a merfolk siren
   943 | D        | Killed a merfolk siren
   944 | D        | Gained mutation: You sometimes gain power by taking damage.
                  | [demonic ancestry]
   944 | D        | Reached XP level 11. HP: 54/74 MP: 10/29
   951 | D        | Noticed a sea snake
   956 | D        | Killed a sea snake
   957 | D        | Reached skill level 10 in Conjurations
  1002 | D        | Reached skill level 15 in Spellcasting
  1019 | D        | Arena points: 1522 (+567) [x9]
  1027 | D        | Reached XP level 12. HP: 59/88 MP: 25/31
  1028 | D        | Reached XP level 13. HP: 63/93 MP: 25/32
  1029 | D        | Gained mutation: You are powered by pain. [demonic
                  | ancestry]
  1029 | D        | Reached XP level 14. HP: 68/100 MP: 26/34
  1030 | D        | Reached XP level 15. HP: 75/110 MP: 26/35
  1037 | D        | Round 8.
  1048 | D        | Bought a book of Power for 294 gold pieces
  1048 | D        | Bought a book of Annihilations for 420 gold pieces
  1055 | D        | Learned a level 5 spell: Iskenderun's Battlesphere
  1062 | D        | Learned a level 6 spell: Iron Shot
  1088 | D        | Gained mutation: You are vulnerable to cold. (rC-) [a
                  | neqoxec]
  1105 | D        | Gained mutation: You are clumsy. (Dex -2) [a neqoxec]
  1105 | D        | Gained mutation: Potions are less effective at restoring
                  | your health. [a neqoxec]
  1151 | D        | Arena points: 2322 (+800) [x10]
  1161 | D        | Lost mutation: Your skin changes colour to match your
                  | surroundings (Stealth+). [potion of mutation]
  1161 | D        | Lost mutation: Your spells are a little harder to cast, but
                  | a little more powerful. [potion of mutation]
  1161 | D        | Lost mutation: You are vulnerable to cold. (rC-) [potion of
                  | mutation]
  1161 | D        | Gained mutation: You have large cloven feet. [potion of
                  | mutation]
  1161 | D        | Lost mutation: You have large cloven feet. [potion of
                  | mutation]
  1161 | D        | Gained mutation: You have very sharp teeth. [potion of
                  | mutation]
  1162 | D        | Lost mutation: You are robust. (+10% HP) [potion of
                  | mutation]
  1162 | D        | Lost mutation: You are clumsy. (Dex -2) [potion of
                  | mutation]
  1162 | D        | Lost mutation: Potions are less effective at restoring your
                  | health. [potion of mutation]
  1162 | D        | Gained mutation: Your movements are slightly less
                  | encumbered by armour. (ER -2) [potion of mutation]
  1162 | D        | Gained mutation: You possess an exceptional clarity of
                  | mind. [potion of mutation]
  1162 | D        | Gained mutation: You have a somewhat thin skeletal
                  | structure. (Dex +2, Stealth+) [potion of mutation]
  1174 | D        | Round 9.
  1182 | D        | Bought 5 scrolls of blinking for 375 gold pieces
  1182 | D        | Bought 4 scrolls of blinking for 300 gold pieces
  1182 | D        | Bought 3 scrolls of blinking for 225 gold pieces
  1192 | D        | Bought 6 potions of magic for 336 gold pieces
  1229 | D        | Arena points: 3213 (+891) [x11]
  1255 | D        | Round 10.
  1296 | D        | Arena points: 4513 (+1300) [x13]
  1299 | D        | Got a gossamer rune of Zot
  1482 | D        | Round 11.
  1490 | D        | Bought a shimmering lapis lazuli ring for 45 gold pieces
  1490 | D        | Identified the ring of the Leaping Ancients {Fire Str+4}
                  | (You bought it in a shop in the Dungeon)
  1490 | D        | Bought a warped glass ring for 45 gold pieces
  1490 | D        | Identified the ring "Digo" {Contam rElec rPois rC+++ MP+9
                  | Int-4} (You bought it in a shop in the Dungeon)
  1490 | D        | Bought a pitted granite ring for 45 gold pieces
  1490 | D        | Identified the ring "Toan" {Dex+5 SInv} (You bought it in a
                  | shop in the Dungeon)
  1490 | D        | Bought a scintillating tin ring for 45 gold pieces
  1490 | D        | Identified the ring of Rodus {rC+ Str-5 Int+5 SInv} (You
                  | bought it in a shop in the Dungeon)
  1490 | D        | Bought a flickering lead amulet for 45 gold pieces
  1490 | D        | Identified the amulet "Azesawenk" {Reflect Will++ SH+5}
                  | (You bought it in a shop in the Dungeon)
  1490 | D        | Bought a glittering copper ring for 45 gold pieces
  1490 | D        | Identified the ring "Niguc" {rPois rC+ Dex+3 Slay+5} (You
                  | bought it in a shop in the Dungeon)
  1490 | D        | Bought a shimmering steel ring for 45 gold pieces
  1490 | D        | Identified the ring of Ekhi {rCorr Int+3 Dex+6} (You bought
                  | it in a shop in the Dungeon)
  1490 | D        | Bought a flickering bone amulet for 45 gold pieces
  1490 | D        | Identified the amulet "Toereth" {Spirit Int+4} (You bought
                  | it in a shop in the Dungeon)
  1490 | D        | Bought a vibrating bone ring for 45 gold pieces
  1490 | D        | Identified the ring of Gamneg {Will+ Int+3 Dex+7} (You
                  | bought it in a shop in the Dungeon)
  1490 | D        | Bought a clouded ivory amulet for 45 gold pieces
  1490 | D        | Identified the amulet of Music {Acrobat Slay+3 Stlth+} (You
                  | bought it in a shop in the Dungeon)
  1497 | D        | Bought an encrusted leather armour for 245 gold pieces
  1497 | D        | Identified the +2 leather armour of Foolhardiness {SInv}
                  | (You bought it in a shop in the Dungeon)
  1497 | D        | Bought a shimmering robe for 199 gold pieces
  1497 | D        | Identified the +2 robe of Polish {-Tele rF+ rC+} (You
                  | bought it in a shop in the Dungeon)
  1497 | D        | Bought a dazzling hat for 315 gold pieces
  1497 | D        | Identified the +0 hat "Noeta" {rPois rF+} (You bought it in
                  | a shop in the Dungeon)
  1497 | D        | Bought a heavily runed helmet for 332 gold pieces
  1497 | D        | Identified the +0 helmet "Xaasin" {rElec rC- MP+9} (You
                  | bought it in a shop in the Dungeon)
  1536 | D        | Gained mutation: You are weak. (Str -2) [a shining eye]
  1544 | D        | Gained mutation: Your body sometimes deteriorates upon
                  | taking damage. [a shining eye]
  1544 | D        | Gained mutation: You do not regenerate when monsters are
                  | visible. [a shining eye]
  1605 | D        | Reached skill level 15 in Conjurations
  1606 | D        | Gained mutation: You occasionally lose the ability to drink
                  | potions when taking damage. [a shining eye]
  1606 | D        | Gained mutation: You are frail. (-10% HP) [a shining eye]
  1607 | D        | Gained mutation: You occasionally lose the ability to read
                  | scrolls when taking damage. [a shining eye]
  1607 | D        | Lost mutation: You possess an exceptional clarity of mind.
                  | [a shining eye]
  1633 | D        | Gained mutation: You have hidden genetic defects. [a
                  | shining eye]
  1636 | D        | Gained mutation: You are clumsy. (Dex -2) [a shining eye]
  1637 | D        | Arena points: 6207 (+1694) [x14]
  1674 | D        | Round 12.
  1688 | D        | Noticed Josephine
  1690 | D        | Noticed a revenant
  1701 | D        | Killed a revenant
  1703 | D        | HP: 1/90 [freezing wraith (11)]
  1707 | D        | Killed Josephine
  1710 | D        | Slain by a jiangshi

Illustrated notes

Levels and vault maps discovered:
D:        arena_sprint

Skill      XL: |  1  2  3  4  5  6  7  8  9 10 11 12 13 14 15 |
---------------+----------------------------------------------+-----
Earth Magic    | 4 5 7 8 11 13 15 16 18 | 18.6
Spellcasting   | 3 5 7 8 9 11 12 14 15 16 18 | 18.8
Conjurations   | 9 11 12 16 | 16.4
Fighting       | 2 4 |  4.0
Dodging        | |  1.7
Stealth        | |  1.7
Transmutations | |  0.8

Action                     |  1- 3 |  4- 6 |  7- 9 | 10-12 | 13-15 || total
---------------------------+-------+-------+-------+-------+-------++-------
  Melee: Short sword       |       |     1 |       |       |     2 ||     3
   Cast: Sandblast         |    13 |    11 |    14 |       |     4 ||    42
         Stone Arrow       |       |       |    23 |    50 |     1 ||    74
         Iron Shot         |       |       |       |       |    75 ||    75
  Evoke: Wand              |     1 |     2 |     4 |       |     1 ||     8
    Use: Potion            |       |       |     8 |     4 |    13 ||    25
         Scroll            |       |       |     2 |     1 |     6 ||     9
 Armour: Robe              |     3 |     5 |     3 |       |     8 ||    19
  Dodge: Dodged            |     1 |     1 |     3 |     2 |    11 ||    18

Table legend: (Time is in decaauts)
 A = Elapsed time spent in this place.
 B = Non-inter-level travel time spent in this place.
 C = Inter-level travel time spent in this place.
 D = Time resting spent in this place.
 E = Time spent auto-exploring this place.
 F = Levels seen in this place.
 G = Mean time per level.
                   A        B        C        D        E       F      G
               +--------+--------+--------+--------+--------+-----+--------+
         Total |   1729 |   1729 |      0 |    525 |      0 |   1 | 1729.0 |
       Dungeon |   1729 |   1729 |      0 |    525 |      0 |   1 | 1729.0 |
               +--------+--------+--------+--------+--------+-----+--------+

Top non-repeatable levels by time:
       D: 1729 daAuts
